 Dungeon Crawl Stone Soup version 0.29.0-11-gd7f09526c8 (webtiles) character file.

Game seed: 11040553265416171937

396 leavemydog the Conjurer (level 6, -4/32 HPs)
             Began as a Deep Elf Conjurer on Sept 6, 2022.
             Was an Initiate of Vehumet.
             Slain by Duvessa
             ... wielding a +0 short sword
              (7 damage)
             ... on level 4 of the Dungeon.
             The game lasted 00:04:52 (4420 turns).

leavemydog the Conjurer (Deep Elf Conjurer)         Turns: 4420, Time: 00:04:53

Health: -4/32      AC:  2    Str:  4    XL:     6   Next: 52%
Magic:  5/16       EV: 12    Int: 25    God:    Vehumet [......]
Gold:   161        SH:  0    Dex: 13    Spells: 9/16 levels left

rFire   . . .      SeeInvis .   h - +2 dagger (venom)
rCold   . . .      Faith    .   (no shield)
rNeg    . . .      Spirit   .   a - +0 robe
rPois   .          Reflect  .   (no helmet)
rElec   .          Harm     .   (no cloak)
rCorr   .          Rampage  .   (no gloves)
Will    .....                   (no boots)
Stlth   ++........              (no amulet)
HPRegen 0.10/turn               (no ring)
MPRegen 0.15/turn               (no ring)

@: about to teleport
A: no striking features
a: Renounce Religion


You were on level 4 of the Dungeon.
You worshipped Vehumet.
Vehumet was noncommittal.
You visited 1 branch of the dungeon, and saw 4 of its levels.

You collected 161 gold pieces.

Inventory:

Hand Weapons
 h - a +2 dagger of venom (weapon)
Armour
 a - a +0 robe (worn)
Wands
 m - a wand of flame (14)
Scrolls
 d - a scroll of blinking {unknown}
 g - a scroll of summoning {unknown}
 i - a scroll of silence {unknown}
 k - 2 scrolls of poison {unknown}
 l - a scroll of vulnerability {unknown}
 n - a scroll of immolation {unknown}
 o - a scroll of torment {unknown}
Potions
 b - a potion of magic
 f - a potion of lignification {unknown}
 j - a potion of flight


   Skills:
 - Level 2.4 Dodging
 - Level 2.4 Stealth
 + Level 5.8 Spellcasting
 + Level 7.1 Conjurations
 * Level 2.3 Translocations


You had 9 spell levels left.
You knew the following spells:

 Your Spells              Type           Power      Damage    Failure   Level
a - Magic Dart            Conj           100%       1d8       1%          1
b - Searing Ray           Conj           84%        2d7       1%          2
c - Iskenderun's Mystic   Conj/Tloc      30%        2d8       11%         4

Your spell library contained the following spells:

 Spells                   Type           Power      Damage    Failure   Level
 Dazzling Flash           Conj/Hex       50%        N/A       5%          3
 Fulminant Prism          Conj/Hex       12%        3d9       17%         4


Dungeon Overview and Level Annotations

Branches:
Dungeon (4/15)
 Temple: D:4-7

Altars:
Ru
Uskayaw
Vehumet
Wu Jian
The Shining One

Annotations:
D:4 exclusion: statue, Dowan, Duvessa


Message History

Aim: Dowan, wielding a +0 dagger and wearing a +0 robe (75% to hit)
The searing ray misses Dowan. (Press . to maintain the ray.) Duvessa barely misses you.
Casting: Searing Ray (safe; 1% risk of failure)
Confirm with . or Enter, or press ? or * to list all spells.
Restarting spell: Searing Ray (safe; 1% risk of failure)
Press: ? - help, Shift-Dir - straight line, f - Duvessa, p - Dowan
Aim: Duvessa, wielding a +0 short sword and wearing a +0 ring mail (moderately wounded, 87% to hit)
The searing ray hits Duvessa!
Duvessa is heavily wounded. (Press . to maintain the ray.) Dowan hits you with a +0 dagger.
Duvessa hits you with a +0 short sword.
The searing ray hits Duvessa.
Duvessa is severely wounded.
Dowan closely misses you. Duvessa hits you with a +0 short sword!
The searing ray hits Duvessa but does no damage.
Duvessa is heavily wounded.
Dowan gestures at you while chanting. The puff of flame hits you!
Duvessa hits you with a +0 short sword.
* * * LOW HITPOINT WARNING * * *
The searing ray hits Duvessa.
Duvessa is severely wounded.
You finish channelling your searing ray.
Dowan hits you with a +0 dagger.
* * * LOW HITPOINT WARNING * * *
Duvessa barely misses you.
You feel better. Dowan hits you with a +0 dagger.
* * * LOW HITPOINT WARNING * * *
Duvessa closely misses you. Dowan attacks as you move away!
Dowan hits you with a +0 dagger.
* * * LOW HITPOINT WARNING * * *
You feel better. Dowan hits you with a +0 dagger. Duvessa barely misses you.
As you read the scroll of teleportation, it crumbles to dust.
You feel strangely unstable. Dowan hits you with a +0 dagger.
* * * LOW HITPOINT WARNING * * *
Duvessa hits you with a +0 short sword.
* * * LOW HITPOINT WARNING * * *
Duvessa attacks as you move away! Duvessa hits you with a +0 short sword!
You die...

#).. .##.##### #.##
##.# #.# #..# #.#
#.## #.# ##.# #.#
##..# #.# #..## #
###.# ##.## #
#$#@#####..# ###### #
#.ee....#.## #....#
#### .........###.#.#
#.#.## ...#
#..###.#.#
#...####.#.### ##.# #
...#####........#...#
#.### .....
#....#######.#.#
#...# #..... #.#..#
#.#.# ###.### #......
#.#).# #...# ####...#
#...... #....#
###.#..


You could see Duvessa and Dowan.

Vanquished Creatures
  An ice beast (D:4)
  An ogre (D:4)
  An orc priest (D:3)
  A hound (D:4)
  8 adders
  2 worms
  A dart slug (D:4)
  7 orcs (D:3)
  6 endoplasms
  2 giant cockroaches
  6 goblins
  11 hobgoblins
  2 quokkas
  5 ball pythons
  4 bats
  5 frilled lizards
  13 kobolds
  5 rats
81 creatures vanquished.

Vanquished Creatures (others)
  18 plants (D:4)
18 creatures vanquished.

Grand Total: 99 creatures vanquished

Notes
Turn   | Place    | Note
-------+----------+-------------------------------------------
     0 | D:1      | leavemydog the Deep Elf Conjurer began the quest for the
                  | Orb.
     0 | D:1      | Reached XP level 1. HP: 10/10 MP: 6/6
   329 | D:1      | Reached XP level 2. HP: 15/15 MP: 5/8
   335 | D:1      | Learned a level 2 spell: Searing Ray
   396 | D:1      | Reached skill level 5 in Conjurations
  1045 | D:2      | You fall into a shaft and drop 1 floor!
  1050 | D:3      | Found a hide-covered altar of Uskayaw.
  1052 | D:2      | Found a faded altar of an unknown god.
  1057 | D:2      | Reached XP level 3. HP: 19/19 MP: 4/9
  1265 | D:2      | Found a glowing golden altar of the Shining One.
  1450 | D:2      | Reached XP level 4. HP: 24/24 MP: 5/11
  1455 | D:2      | Learned a level 4 spell: Iskenderun's Mystic Blast
  1667 | D:2      | Reached skill level 6 in Conjurations
  2029 | D:3      | Found an ornate altar of the Wu Jian Council.
  2200 | D:3      | Identified the +4 arbalest "Loopy" {elec, rPois}
  2426 | D:3      | Found a sacrificial altar of Ru.
  2774 | D:3      | HP: 1/24 [orc priest/divine providence (11)]
  2779 | D:3      | Reached skill level 1 in Translocations
  2779 | D:3      | Reached XP level 5. HP: 9/28 MP: 0/13
  3146 | D:4      | Noticed an ice beast
  3154 | D:4      | Killed an ice beast
  3155 | D:4      | Reached skill level 5 in Spellcasting
  3475 | D:4      | Noticed a lemure
  3475 | D:4      | Noticed a lemure
  3523 | D:4      | Noticed a lemure
  3555 | D:4      | Reached XP level 6. HP: 32/32 MP: 13/15
  3575 | D:4      | Found a radiant altar of Vehumet.
  3581 | D:4      | Became a worshipper of Vehumet
  4010 | D:4      | Reached skill level 7 in Conjurations
  4406 | D:4      | Noticed Duvessa
  4408 | D:4      | Noticed Dowan
  4420 | D:4      | Slain by Duvessa

Illustrated notes

Levels and vault maps discovered:
D:1:      matt_arrival_los_fun, layout_basic
D:2:      layout_rooms, basic_altar, ebering_ecumenical_altar_mist
D:3:      layout_loops_cross, old_standard_altar,
          mainiacjoe_overflow_six_doors_small, nicolae_ru_awakened_eye,
          grunt_decor_fettered
D:4:      layout_basic, vehumet_statue, serial_bayou_lagoon_b, uniq_duvessa,
          uniq_pikel

Skill      XL: |  1  2  3  4  5  6 |
---------------+-------------------+-----
Conjurations   | 5 6 7 |  7.1
Spellcasting   | 4 5 |  5.8
Translocations | 1 2 |  2.3
Dodging        | |  2.4
Stealth        | |  2.4

Action                   |  1- 3 |  4- 6 || total
-------------------------+-------+-------++-------
Melee: Short sword       |     5 |       ||     5
       Dagger            |       |     3 ||     3
 Cast: Magic Dart        |    72 |    89 ||   161
       Searing Ray       |       |     9 ||     9
  Use: Scroll            |       |     6 ||     6
       Potion            |       |     3 ||     3
Armor: Robe              |     3 |     3 ||     6
Dodge: Dodged            |    12 |    13 ||    25
